 Dungeon Crawl Stone Soup version 0.32-a0-953-g508020473e (webtiles) character file.

Game seed: 7655024178812063426

95 DrKenneth the Shield-Bearer (level 4, -1/41 HPs)
             Began as a Minotaur Fighter on Apr 17, 2024.
             Slain by a gnoll
             ... wielding a +2 whip of freezing
              (3 damage)
             ... on level 4 of the Dungeon.
             The game lasted 00:04:27 (2028 turns).

DrKenneth the Shield-Bearer (Minotaur Fighter)      Turns: 2028, Time: 00:04:27

Health: -1/41      AC:  7    Str: 23    XL:     4   Next: 39%
Magic:  3/3        EV:  8    Int:  5    God:
Gold:   195        SH:  4    Dex:  9    Spells: 3/3 levels left

rFire   . . .        a - +0 war axe
rCold   . . .        c - +0 buckler
rNeg    . . .        b - +0 scale mail
rPois   .            (helmet restricted)
rElec   .            (no cloak)
rCorr   .            (no gloves)
SInv    .            (no boots)
Will    .....        (no amulet) Stlth
                     (no ring)
HPRegen 0.26/turn    (no ring)
MPRegen 0.08/turn

%: no passive effects
@: no status effects
A: horns 2, retaliatory headbutt
a: no special abilities


You were on level 4 of the Dungeon.
You visited 1 branch of the dungeon, and saw 4 of its levels.

You collected 195 gold pieces.

Inventory:

Hand Weapons
 a - a +0 war axe (weapon)
Armour
 b - a +0 scale mail (worn)
 c - a +0 buckler (worn)
Jewellery
 j - a ring of fire
 n - a ring of poison resistance
 q - a ring of resist corrosion
Wands
 o - a wand of flame (11)
Scrolls
 e - 2 scrolls of summoning {unknown}
 g - 2 scrolls of revelation {unknown}
 k - 2 scrolls of teleportation {unknown}
 l - 6 scrolls of identify {unknown}
 p - a scroll of noise {unknown}
Potions
 d - a potion of might
 f - a potion of curing {unknown}
 h - a potion of mutation {unknown}
 i - a potion of degeneration {unknown}
 m - a potion of enlightenment {unknown}


   Skills:
 + Level 4.4 Fighting
 + Level 3.4 Axes
 + Level 4.4 Armour
 + Level 4.4 Shields


You had 3 spell levels left.
You didn't know any spells.
Your spell library contained the following spells:

 Spells                   Type           Power      Damage    Failure   Level
 Summon Small Mammal      Summ           0%         N/A       83%         1
 Ensorcelled Hibernation  Hex/Ice        0%         N/A       93%         2
 Call Canine Familiar     Summ           0%         N/A       99%         3
 Passwall                 Erth           0%         N/A       99%         3
 Swiftness                Air            0%         N/A       99%         3
 Summon Blazeheart Golem  Fire/Summ      0%         N/A       100%        4


Dungeon Overview and Level Annotations

Branches:
Dungeon (4/15)
 Temple: D:4-7

Altars:
The Shining One


Innate Abilities, Weirdness & Mutations

You have a pair of horns on your head.
You reflexively headbutt those who attack you in melee.


Message History

The ball python closely misses you.
You slash the ball python!
You kill the ball python!
The orc hits you from afar with a +0 trident.
The gnoll barely misses you.
You completely miss the orc. Your headbutt misses the orc.
The orc barely misses you. You block the orc's attack.
The gnoll hits you from afar with a +0 spear.
The orc hits you from afar with a +0 trident.
You block the orc's attack. The gnoll misses you.
You barely miss the orc. You headbutt the orc.
The orc is severely wounded.
You block the orc's attack. The orc hits you but does no damage.
The gnoll hits you but does no damage.
You hit the orc but do no damage. You headbutt the orc.
You kill the orc!
The orc barely misses you.
The gnoll hits you from afar with a +0 spear.
You slash the endoplasm!
You kill the endoplasm!
The gnoll hits you from afar with a +0 spear.
The orc closely misses you.
The orc hits you from afar with a +0 trident.
* * * LOW HITPOINT WARNING * * *
The gnoll barely misses you.
You barely miss the gnoll. You headbutt the gnoll!
The gnoll is severely wounded.
The orc hits you from afar with a +0 trident.
* * * LOW HITPOINT WARNING * * *
The gnoll closely misses you. You block the gnoll's attack.
You hit the gnoll but do no damage.
The gnoll is severely wounded.
You block the gnoll's attack.
The orc hits you from afar with a +0 trident.
* * * LOW HITPOINT WARNING * * *
The gnoll closely misses you.
You closely miss the gnoll.
The gnoll is severely wounded.
The gnoll hits you with a +2 whip of freezing.
You die... .....# ..... ....# ...# .. #.o## # #. goo

... #g#
.##.####@######
................
###.##...#######
#.##'###
#......#
##.....# #.....#
#.....#
#.....####


You could see 2 gnolls and 3 orcs.

Vanquished Creatures
  A gnoll (D:4)
  3 adders
  A ribbon worm (D:2)
  3 dart slugs
  An orc (D:4)
  7 ball pythons
  3 bats
  6 endoplasms
  2 giant cockroaches (D:1)
  3 hobgoblins
  4 kobolds
  A quokka (D:3)
  2 frilled lizards (D:1)
  5 goblins
  5 rats
47 creatures vanquished.

Notes
Turn   | Place    | Note
-------+----------+-------------------------------------------
     0 | D:1      | DrKenneth the Minotaur Fighter began the quest for the Orb.
     0 | D:1      | Reached XP level 1. HP: 19/19 MP: 0/0
   176 | D:1      | Reached XP level 2. HP: 22/27 MP: 1/1
   620 | D:2      | Reached XP level 3. HP: 33/33 MP: 2/2
  1439 | D:3      | Found a glowing golden altar of the Shining One.
  1771 | D:3      | Reached XP level 4. HP: 41/41 MP: 3/3
  2027 | D:4      | HP: 2/41 [orc/+0 trident (6)]
  2028 | D:4      | Slain by a gnoll

Illustrated notes

Levels and vault maps discovered:
D:1:      minmay_arrival_cross, layout_basic
D:2:      layout_loops_ring, kennysheep_donut
D:3:      layout_loops_ring, mainiacjoe_overflow_cross_hatched,
          serial_bayou_lake_a
D:4:      layout_basic, nrook_campfire

Skill      XL: |  1  2 |
---------------+-------+-----
Shields        | 4 |  4.4
Fighting       | 4 |  4.4
Armour         | 4 |  4.4
Axes           | 3 |  3.4

Action                     |  1- 3 |  4- 6 || total
---------------------------+-------+-------++-------
  Melee: War axe           |    74 |    22 ||    96
         Headbutt          |     9 |     4 ||    13
 Armour: Scale mail        |    53 |    36 ||    89
  Dodge: Dodged            |    23 |    15 ||    38
  Block: Buckler           |    23 |     7 ||    30

Table legend: (Time is in decaauts)
 A = Elapsed time spent in this place.
 B = Non-inter-level travel time spent in this place.
 C = Inter-level travel time spent in this place.
 D = Time resting spent in this place.
 E = Time spent auto-exploring this place.
 F = Levels seen in this place.
 G = Mean time per level.
                   A        B        C        D        E       F      G
               +--------+--------+--------+--------+--------+-----+--------+
         Total |   2102 |   1673 |    429 |      0 |   1368 |   4 |  525.5 |
       Dungeon |   2102 |   1673 |    429 |      0 |   1368 |   4 |  525.5 |
               +--------+--------+--------+--------+--------+-----+--------+

Top non-repeatable levels by time:
     D:2: 870 daAuts
     D:3: 731 daAuts
     D:1: 425 daAuts
     D:4: 74 daAuts
